 Dungeon Sprint DCSS version 0.20-a0-556-g892c87b (webtiles) character file.

434 Apeape the Thrower (level 6, -4/56 HPs)
             Began as a Minotaur Hunter on Feb 5, 2017.
             Was an Initiate of Okawaru.
             Asphyxiated
             ... in the Dungeon (Sprint I: "Red Sonja").
             The game lasted 00:09:15 (346 turns).

Apeape the Thrower (Minotaur Hunter)                 Turns: 346, Time: 00:09:16

Health: -4/56      AC: 10    Str: 19    XL:     6   Next: 68%
Magic:  5/5        EV: 13    Int:  9    God:    Okawaru [......]
Gold:   198        SH:  0    Dex: 12    Spells: 5/5 levels left

rFire    . . .     SeeInvis .   l - +0 scythe
rCold    . . .     Gourm    .   o - +5 ring mail of the Yaks {-Tele rN++ Str+3}
rNeg     + + .     Faith    .   (shield currently unavailable)
rPois    .         Spirit   .   (helmet restricted)
rElec    .         Reflect  .   (no cloak)
rCorr    .         Harm     .   (no gloves)
MR       .....     NoTele   +   (no boots)
Stlth    +.........             (no amulet)
Regen    0.2/turn               (no ring)
                                (no ring)

@: lethally poisoned (-4 -> -43), slowed, very slow
A: retaliatory headbutt, horns 2
a: Renounce Religion


You were in the Dungeon.
You worshipped Okawaru.
Okawaru was noncommittal.
You were not hungry.

You visited 1 branch You collected 297 gold pieces.
You spent 99 gold pieces at shops.

Inventory:

Hand Weapons
 a - a +0 short sword
 l - a +0 scythe (weapon)
Missiles
 d - 2 throwing nets (quivered)
Armour
 b - a +0 leather armour
 m - a +0 robe
 o - the +5 ring mail of the Yaks (worn) {-Tele rN++ Str+3}
   (You found it in the Dungeon)

   It affects your strength (+3).
   It greatly protects you from negative energy.
   It prevents most forms of teleportation.
 p - a +0 ring mail
Wands
 q - a wand of paralysis (6/24)
Scrolls
 k - a scroll of blinking
 n - a scroll of recharging {unknown}
Potions
 e - a potion of curing
 g - a potion of heal wounds
 h - a potion of haste
 i - 2 potions of magic
Comestibles
 f - a bread ration


   Skills:
 * Level 5.4 Fighting
 * Level 2.4 Polearms
 + Level 12.7 Throwing
 + Level 1.3 Armour
 + Level 5.0 Dodging
 * Level 2.8 Stealth


You had 5 spell levels left.
You didn't know any spells.

Dungeon Overview and Level Annotations

Branches:
Dungeon (1/1)

Altars:
Cheibriados
Dithmenos
Elyvilon
Fedhas
Gozag
Hepliaklqana
Kikubaaqudgha
Nemelex Xobeh
Okawaru
Qazlal
Ru
Sif Muna
Trog
Uskayaw
Vehumet
Yredelemnul
Zin
The Shining One

Shops:
D }

Annotations:
D Sonja


Innate Abilities, Weirdness & Mutations

You reflexively headbutt those who attack you in melee.
You have a pair of horns on your head.


Message History

You throw a javelin. The javelin closely misses Sonja.
* * * LOW HITPOINT WARNING * * *
You feel very sick.
Sonja shoots a curare-tipped needle.
The curare-tipped needle misses you.
Sonja drinks a potion.
Sonja suddenly seems more resistant.
Throwing (i - inventory. (,) - cycle):
c - a javelin (quivered)
Press: ? - help, Shift-Dir - straight line, f/p - Sonja
Aim: Sonja, wielding a blowgun (unusually resistant)
You throw a javelin. The javelin misses Sonja.
* * * LOW HITPOINT WARNING * * *
You feel very sick.
You completely miss Sonja.
* * * LOW HITPOINT WARNING * * *
You feel extremely sick.
Sonja mumbles some strange words.
Sonja blinks!
Sonja shoots a curare-tipped needle.
The curare-tipped needle hits you.
You are more poisoned.
You have difficulty breathing.
You die...

################
#<.#..)..#..'..#
#..÷..#..'..#..+
#..#####'#####'#
#..####..#...#.#
#..#__####..##.#
#..#_____##'#K.+
#⌠⌠#_.∩...'.(._#
####_..__##_@#'#
#_____###§#.#
####### #.###
$.$ $.$ ##(##
#+#


You could see Sonja.

Vanquished Creatures
  Sigmund (D)
  A yak (D)
  An ogre (D)
  A jelly (D)
  Ijyb (D)
5 creatures vanquished.

Notes
Turn   | Place    | Note
-------+----------+-------------------------------------------
     0 | D        | Apeape the Minotaur Hunter began the quest for the Orb.
     0 | D        | Reached XP level 1. HP: 18/18 MP: 0/0
     1 | D        | Noticed Ijyb
     5 | D        | Killed Ijyb
     5 | D        | Reached skill level 6 in Throwing
     5 | D        | Reached skill level 1 in Stealth
     5 | D        | Reached XP level 2. HP: 26/26 MP: 1/1
    35 | D        | Noticed an ogre
    39 | D        | Killed an ogre
    39 | D        | Reached skill level 9 in Throwing
    39 | D        | Reached XP level 3. HP: 33/33 MP: 2/2
    39 | D        | Reached XP level 4. HP: 40/40 MP: 3/3
    46 | D        | Noticed Sigmund
    52 | D        | Killed Sigmund
    52 | D        | Reached skill level 11 in Throwing
    52 | D        | Reached XP level 5. HP: 36/47 MP: 4/4
    52 | D        | Reached XP level 6. HP: 40/53 MP: 5/5
    91 | D        | Found a deep blue altar of Sif Muna.
    93 | D        | Found a radiant altar of Vehumet.
    97 | D        | Got an ichor-stained ring mail
   106 | D        | Reached skill level 12 in Throwing
   112 | D        | Identified the +5 ring mail of the Yaks {-Tele rN++ Str+3} (You found it in the Dungeon)
   144 | D        | Found Daylagg's Gadget Emporium.
   144 | D        | Found an ancient bone altar of Kikubaaqudgha.
   144 | D        | Found a hazy altar of Hepliaklqana.
   144 | D        | Found a stormy altar of Qazlal.
   144 | D        | Found a hide-covered altar of Uskayaw.
   144 | D        | Found a blossoming altar of Fedhas.
   144 | D        | Found a bloodstained altar of Trog.
   144 | D        | Found an iron altar of Okawaru.
   144 | D        | Found a basalt altar of Yredelemnul.
   144 | D        | Found a glowing golden altar of the Shining One.
   144 | D        | Found a snail-covered altar of Cheibriados.
   144 | D        | Found a sacrificial altar of Ru.
   144 | D        | Found a glowing silver altar of Zin.
   144 | D        | Found a shadowy altar of Dithmenos.
   144 | D        | Found a white marble altar of Elyvilon.
   144 | D        | Noticed a yak
   150 | D        | Killed a yak
   150 | D        | Reached skill level 5 in Fighting
   150 | D        | Reached skill level 1 in Armour
   150 | D        | Reached skill level 5 in Dodging
   151 | D        | Found an opulent altar of Gozag.
   152 | D        | Found a sparkling altar of Nemelex Xobeh.
   173 | D        | Became a worshipper of Warmaster Okawaru
   176 | D        | Bought a wand of paralysis (7/24) for 99 gold pieces
   338 | D        | Noticed Sonja
   346 | D        | Asphyxiated

Vault maps used:
D:        dungeon_sprint_1

Skill      XL: |  1  2  3  4  5  6 |
---------------+-------------------+-----
Fighting       | 3 4 5 |  5.4
Throwing       | 6 9 11 12 | 12.7
Stealth        | 1 2 |  2.8
Dodging        | 3 4 5 |  5.0
Polearms       | 2 |  2.4
Armour         | 1 |  1.3

Action                   |  1- 3 |  4- 6 || total
-------------------------+-------+-------++-------
Melee: Short sword       |     4 |       ||     4
       Headbutt          |     2 |     2 ||     4
       Scythe            |       |     8 ||     8
Throw: Javelin           |     3 |    12 ||    15
Evoke: Wand              |       |     1 ||     1
  Use: Potion            |     1 |       ||     1
Armor: Ring mail         |       |     2 ||     2
       Leather armour    |       |     1 ||     1
Dodge: Dodged            |     3 |    10 ||    13
